 Dungeon Crawl Stone Soup version 0.17-a0-1731-g129c023 (webtiles) character file.

128 KambridgeKobold the Skirmisher (level 4, -3/37 HPs)
             Began as a Demonspawn Berserker on Aug 29, 2015.
             Was a Believer of Trog.
             Slain by a gnoll
             ... wielding a +0 flail
              (8 damage)
             ... on level 3 of the Dungeon.
             The game lasted 00:09:26 (2372 turns).

KambridgeKobold the Skirmisher (DsBe)               Turns: 2372, Time: 00:09:26

Health: -3/37      AC:  5    Str: 17    XL:     4   Next: 86%
Magic:  4/4        EV: 12    Int:  8    God:    Trog [**....]
Gold:   81         SH:  3    Dex: 14    Spells: 0 memorised, 3 levels left

rFire  . . .     SeeInvis .     a - +0 hand axe
rCold  . . .     Clarity  .     b - +0 animal skin
rNeg   . . .     SustAt   .     d - +0 buckler (curse)
rPois  .         Gourm    .     j - +0 helmet
rElec  .         Spirit   .     (no cloak)
rCorr  .         Warding  .     o - +1 pair of gloves
rMut   .         Stasis   .     (no boots)
MR     ++...                    (no amulet)
Stlth  ..........               (no ring)
                                n - ring of loudness (curse)

@: regenerating, very resistant to hostile enchantments, extremely unstealthy
A: hooves 1, powered by pain 1
a: Burn Spellbooks, Berserk, Trog's Hand, Renounce Religion


You were on level 3 of the Dungeon.
You worshipped Trog.
Trog was pleased with you.
You were not hungry.

You visited 1 branch of the dungeon, and saw 3 of its levels.

You collected 81 gold pieces.

Inventory:

Hand weapons
 a - a +0 hand axe (weapon)
 e - a +0 whip of venom
 l - a +0 spear
Missiles
 q - 3 javelins (quivered)
 s - a throwing net
Armour
 b - a +0 animal skin (worn)
 d - a cursed +0 buckler (worn)
 j - a +0 helmet (worn)
 o - a +1 pair of gloves (worn)
Jewellery
 n - a cursed ring of loudness (left hand)
Scrolls
 g - a scroll of recharging {unknown}
 h - 2 scrolls of identify {unknown}
 i - a scroll of noise {unknown}
Potions
 k - a potion of magic {unknown}
 p - 2 potions of curing {unknown}
Comestibles
 c - 2 bread rations
 f - 2 beef jerkies
 m - 7 fruits
 r - 2 chunks of flesh


   Skills:
 - Level 4.0 Fighting
 + Level 3.5 Axes
 - Level 2.0 Armour
 + Level 3.1 Dodging


You had 3 spell levels left.
You didn't know any spells.

Dungeon Overview and Level Annotations

Branches:
Dungeon (3/15)

Altars:
Okawaru


Innate Abilities, Weirdness & Mutations

You have large cloven feet.
You sometimes gain a little power by taking damage.


Message History

The gnoll hits you with a spear!
* * * LOW HITPOINT WARNING * * *
The gnoll completely misses you.
You closely miss the gnoll. You kick the gnoll, but do no damage.
The gnoll is severely wounded.
You hit the gnoll.
The gnoll is heavily wounded.
You barely miss the gnoll.
The gnoll is heavily wounded.
The gnoll hits you but does no damage. x2
The gnoll closely misses you.
You hit the gnoll.
You kill the gnoll!
Trog accepts your kill.
You hit the gnoll.
The gnoll is severely wounded.
You barely miss the gnoll.
The gnoll is heavily wounded.
The gnoll hits you with a flail!
You die...

.... ................
.......................
........................
........................
.....................)..
##
........................
..
........................
#
..............(.g)......
.##
................@g......
...
...##.##................
.##
...#...#................
........................
....._..................
.....................$..
...#...#..#.###.#..#.###
##.##.##..........?...
#........##### #.


You could see 2 gnolls.

Vanquished Creatures
  3 adders (D:2)
  6 gnolls
  2 worms
  A giant gecko (D:2)
  An orc (D:3)
  4 bats (D:1)
  3 goblins
  2 hobgoblins
  8 kobolds
  2 giant cockroaches
  7 giant newts
  8 rats
47 creatures vanquished.

Notes
Turn   | Place    | Note
--------------------------------------------------------------
     0 | D:1      | KambridgeKobold the Demonspawn Berserker began the quest for the Orb.
     0 | D:1      | Reached XP level 1. HP: 18/18 MP: 1/1
   594 | D:1      | Gained mutation: You have large cloven feet. [demonic ancestry]
   594 | D:1      | Reached XP level 2. HP: 24/24 MP: 2/2
  1241 | D:2      | Reached XP level 3. HP: 13/29 MP: 3/3
  1246 | D:2      | Acquired Trog's second power
  1665 | D:2      | Gained mutation: You sometimes gain a little power by taking damage. [demonic ancestry]
  1665 | D:2      | Reached XP level 4. HP: 37/37 MP: 4/4
  2013 | D:2      | Reached skill level 4 in Fighting
  2331 | D:3      | Found an iron altar of Okawaru.
  2372 | D:3      | Slain by a gnoll

Vault maps used:
D:1:      lightli_arrival_statuegarden
D:2:      corexii_leaking_fountain
D:3:      okawaru_gym_becter

Action                   |  1- 3 |  4- 6 || total
-------------------------+-------+-------++-------
Melee: Hand axe          |    16 |     8 ||    24
       Whip              |    70 |    51 ||   121
Invok: Trog's Hand       |     1 |     1 ||     2
 Stab: Sleeping          |     1 |       ||     1
  Eat: Chunk             |     3 |     2 ||     5
